 Dungeon Crawl Stone Soup version 0.30-b1-2-g02819fbbbe (webtiles) character file.

Game seed: 10017987260121201533

(classic levelgen) 758 EnegeticOcto the Chopper (level 7, -4/61 HPs)
             Began as a Minotaur Fighter on May 21, 2023.
             Was an Initiate of Cheibriados.
             Slain by a killer bee (7 damage)
             ... on level 7 of the Dungeon.
             The game lasted 00:02:06 (3035 turns).

EnegeticOcto the Chopper (Minotaur Fighter)         Turns: 3035, Time: 00:02:06

Health: -4/61      AC:  8    Str: 24    XL:     7   Next: 50%
Magic:  6/7        EV:  8    Int:  6    God:    Cheibriados [......]
Gold:   167        SH: 11    Dex: 10    Spells: 6/6 levels left

rFire   . . .        a - +1 war axe (flame)
rCold   . . .        k - +2 kite shield
rNeg    . . .        b - +0 scale mail
rPois   .            (helmet restricted)
rElec   .            p - +0 cloak
rCorr   .            (no gloves)
SInv    .            (no boots)
Will    .....        (no amulet) Stlth
                     (no ring)
HPRegen 0.30/turn    (no ring)
MPRegen 0.10/turn

%: no passive effects
@: lethally poisoned (-4 -> -20), very slow
A: horns 2, retaliatory headbutt
a: Renounce Religion


You were on level 7 of the Dungeon.
You worshipped Cheibriados.
Cheibriados was noncommittal.
You visited 2 branches of the dungeon, and saw 6 of its levels.

You collected 167 gold pieces.

Inventory:

Hand Weapons
 a - a +1 war axe of flaming (weapon)
Armour
 b - a +0 scale mail (worn)
 c - a +0 buckler
 k - a +2 kite shield (worn)
   (You found it on level 1 of the Dungeon)
 p - a +0 cloak (worn)
   (You took it off Crazy Yiuf on level 2 of the Dungeon)
Jewellery
 j - a ring of see invisible
   (You found it on level 1 of the Dungeon)
 o - a ring of magical power
   (You found it on level 2 of the Dungeon)
Scrolls
 e - a scroll of teleportation {@r3}
 h - 2 scrolls of identify {@r1}
 q - a scroll of fog {unknown}
Potions
 d - a potion of might {@q3}
 f - a potion of degeneration
 g - 3 potions of heal wounds {@q2}
 i - a potion of attraction {unknown}
 m - a potion of flight
 n - a potion of resistance {@q5}


   Skills:
 + Level 5.6 Fighting
 * Level 6.6 Axes
 + Level 5.5 Armour
 + Level 5.7 Shields
 + Level 1.4 Invocations


You had 6 spell levels left.
You didn't know any spells.
Your spell library was empty.

Dungeon Overview and Level Annotations

Branches:
Dungeon (7/15)             Temple (1/1) D:7

Altars:
Ashenzari
Cheibriados
Dithmenos
Elyvilon
Gozag
Hepliaklqana
Kikubaaqudgha
Makhleb
Nemelex Xobeh
Qazlal
Ru
Sif Muna
Trog
Uskayaw
Vehumet
Wu Jian
Xom
Yredelemnul
The Shining One


Innate Abilities, Weirdness & Mutations

You have a pair of horns on your head.
You reflexively headbutt those who attack you in melee.


Message History

The kobold brigand hits you but does no damage.
You slash the kobold brigand!
You kill the kobold brigand!
Cheibriados thoroughly appreciates the change of pace.
No target in view!
No target in view!
No target in view!
Things that are here:
a +0 dagger; 8 poisoned darts; a kobold corpse A killer bee comes into view.
The killer bee buzzes angrily.
A killer bee comes into view.
An orc priest comes into view. It is wielding a +0 war axe.
A killer bee comes into view. x2
The killer bee moves out of view.
There are monsters nearby!
There are monsters nearby!
The orc priest shouts!
The killer bee buzzes angrily. x2
You hear an angry buzzing noise.
You hear a shout! x6
A centaur comes into view.
You block the killer bee's attack.
An orc comes into view. It is wielding a +0 flail.
The orc priest hits you but does no damage.
An orc priest comes into view. It is wielding a +0 hand axe.
A wyvern comes into view.
The centaur moves out of view.
The orc priest shouts!
You slash the orc priest!
You kill the orc priest!
Cheibriados appreciates the change of pace.
You slash the killer bee! The killer bee barely misses you.
You block the killer bee's attack.
An orc warrior comes into view. It is wielding a +0 halberd.
The killer bee stings you but does no damage.
You closely miss the killer bee.
The killer bee is severely wounded.
You closely miss the killer bee. You barely miss the killer bee.
The killer bee stings you but does no damage.
The killer bee stings you. You block the killer bee's attack.
The wyvern hisses menacingly.
An orc comes into view. It is wielding a +0 dagger.
The killer bee stings you. The killer bee barely misses you.
You block the killer bee's attack.
You miss the killer bee.
The killer bee is severely wounded.
You miss the killer bee. x2; You slash the orc priest!
The killer bee barely misses you.
The killer bee stings you but does no damage.
The killer bee stings you. x2
You are poisoned.
The killer bee poisons you! The killer bee stings you.
You block the killer bee's attack. The killer bee stings you.
You are more poisoned.
The killer bee poisons you! You block the orc warrior's attack.
The orc priest hits you but does no damage.
The killer bee barely misses you. The killer bee stings you.
The killer bee barely misses you. You furiously retaliate!
You headbutt the killer bee!
You kill the killer bee!
Cheibriados thoroughly appreciates the change of pace.
The killer bee stings you.
The orc warrior hits you from afar with a +0 halberd!
You block the orc priest's attack.
You are too injured to fight recklessly!
You are too injured to fight recklessly!
You are too injured to fight recklessly!
You are too injured to fight recklessly!
You are too injured to fight recklessly!
You are too injured to fight recklessly!
You are too injured to fight recklessly!
You are too injured to fight recklessly!
You are too injured to fight recklessly!
You are too injured to fight recklessly!
As you read the scroll labelled LOAZEA GUSAQA, it crumbles to dust.
It is a scroll of brand weapon.
Your +1 war axe is engulfed in flames!
a - a +1 war axe of flaming (weapon)
You feel very sick. You block the killer bee's attack.
The killer bee stings you but does no damage.
You block the killer bee's attack. The centaur barely misses you.
You furiously retaliate!
You headbutt the centaur. The centaur barely misses you.
The killer bee stings you.
You are lethally poisoned!
The killer bee poisons you! The killer bee completely misses you.
The killer bee misses you. You block the orc priest's attack.
The orc warrior hits you from afar with a +0 halberd.
* * * LOW HITPOINT WARNING * * *
The orc priest attacks as you move away!
You block the orc priest's attack.
The killer bee attacks as you move away!
You block the killer bee's attack.
The killer bee attacks as you move away!
The killer bee stings you.
* * * LOW HITPOINT WARNING * * *
x2 You feel very sick.
You block the killer bee's attack. The killer bee stings you.
* * * LOW HITPOINT WARNING * * *
The killer bee stings you!
You die...

##### ..# .. .. ######
.. .. .....# .##.
.....# ## ... ~~♣♣♣# ..
..# ~~P~~~ #o###..#
~~~~~~ #oooc†.##...
~P~P~~ #####y....#
≈≈~~~~♣###+##...@yl...#
≈≈≈≈~♣........###y....#
≈≈≈~~P........# #.....#
≈≈♣♣♣♣........# #.....#
~P♣ #........# #######
~♣♣ #........# ≈♣
#......).### P♣♣
#.....))...#
~~♣♣♣♣###~P♣~♣#.##


You could see a wyvern, a centaur and 3 killer bees.

Vanquished Creatures
  An ice beast (D:7)
  A kobold brigand (D:7)
  A bullfrog (D:7)
  3 wights (D:7)
  A killer bee (D:7)
  An electric eel (D:7)
  A hound (D:7)
  An orc priest (D:7)
  Crazy Yiuf (D:2)
  Jessica (D:2)
  An iguana (D:4)
  Robin (D:2)
  5 adders
  A gnoll (D:1)
  A shadow imp (D:7)
  4 dart slugs
  6 endoplasms
  2 giant cockroaches
  11 goblins
  6 hobgoblins
  11 jackals
  3 quokkas
  6 ball pythons
  14 bats
  4 frilled lizards
  5 kobolds
  4 rats
97 creatures vanquished.

Vanquished Creatures (others)
  2 plants (D:7)
2 creatures vanquished.

Grand Total: 99 creatures vanquished

Notes
Turn   | Place    | Note
-------+----------+-------------------------------------------
     0 | D:1      | EnegeticOcto the Minotaur Fighter began the quest for the
                  | Orb.
     0 | D:1      | Reached XP level 1. HP: 19/19 MP: 0/0
   190 | D:1      | Reached skill level 3 in Axes
   190 | D:1      | Reached XP level 2. HP: 20/27 MP: 1/1
   552 | D:1      | Reached XP level 3. HP: 31/33 MP: 2/2
   973 | D:2      | Noticed Robin
   984 | D:2      | Killed Robin
   985 | D:2      | Reached XP level 4. HP: 26/40 MP: 3/3
  1070 | D:2      | Found a faded altar of an unknown god.
  1103 | D:2      | Reached skill level 4 in Axes
  1323 | D:2      | Noticed Jessica
  1329 | D:2      | Killed Jessica
  1330 | D:2      | Reached XP level 5. HP: 32/47 MP: 4/4
  1534 | D:2      | Found a runed translucent door.
  1535 | D:2      | Noticed Crazy Yiuf
  1610 | D:2      | Killed Crazy Yiuf
  2079 | D:3      | Found a broken altar of Ashenzari.
  2113 | D:3      | Found a sacrificial altar of Ru.
  2521 | D:4      | Reached skill level 5 in Axes
  2536 | D:4      | You fall into a shaft and drop 3 floors!
  2540 | D:7      | Found a staircase to the Ecumenical Temple.
  2547 | D:7      | Reached skill level 5 in Shields
  2547 | D:7      | Reached XP level 6. HP: 28/55 MP: 5/5
  2548 | D:7      | Reached skill level 5 in Fighting
  2548 | D:7      | Reached skill level 5 in Armour
  2560 | Temple   | Entered the Ecumenical Temple
  2736 | Temple   | Became a worshipper of Cheibriados the Contemplative
  2804 | D:7      | Reached skill level 6 in Axes
  2804 | D:7      | Reached XP level 7. HP: 29/61 MP: 6/6
  2921 | D:7      | Reached skill level 1 in Invocations
  3030 | D:7      | Noticed a wyvern
  3035 | D:7      | HP: 3/61 [killer bee (2)]
  3035 | D:7      | Slain by a killer bee

Illustrated notes

Levels and vault maps discovered:
D:1:      scummos_arrival_simple_fountains, layout_loops_corners,
          nicolae_hexahallways, minivault_26, st_stairs_1
D:2:      layout_rooms, ebering_ecumenical_altar_mist, uniq_crazy_yiuf_cottage,
          uniq_jessica, uniq_robin
D:3:      layout_loops_ring, mainiacjoe_overflow_24_doors,
          nicolae_ru_path_of_blood
D:4:      layout_loops_ring, ebering_ghost_disaster_area, uniq_menkaure
D:7:      layout_basic, fedhas_altar_3, minmay_temple_entry_glass,
          serial_bayou_lagoon_b
Temple:   nicolae_temple_bog_church

Skill      XL: |  1  2  3  4  5  6  7 |
---------------+----------------------+-----
Axes           | 3 4 5 6 |  6.6
Armour         | 4 5 |  5.5
Fighting       | 4 5 |  5.6
Shields        | 4 5 |  5.7
Invocations    | 1 |  1.4

Action                     |  1- 3 |  4- 6 |  7- 9 || total
---------------------------+-------+-------+-------++-------
  Melee: War axe           |    57 |   108 |    12 ||   177
         Headbutt          |     9 |    17 |       ||    26
    Use: Scroll            |       |     6 |     2 ||     8
         Potion            |       |     1 |       ||     1
 Armour: Scale mail        |    37 |    49 |     8 ||    94
  Dodge: Dodged            |    45 |    47 |    15 ||   107
  Block: Buckler           |    18 |       |       ||    18
         Kite shield       |    17 |    72 |    21 ||   110
